 Dungeon Crawl Stone Soup version 0.29-a0-275-g389c0b56f3 (webtiles) character file.

Game seed: 6886325263465723873

554 spaghetti the Skirmisher (level 6, -5/58 HPs)
             Began as a Demigod Fighter on Mar 12, 2022.
             Slain by an iron imp (6 damage)
             ... summoned by Eustachio
             ... on level 4 of the Dungeon.
             The game lasted 00:09:49 (4530 turns).

spaghetti the Skirmisher (Demigod Fighter)          Turns: 4530, Time: 00:09:49

Health: -5/58      AC: 15    Str: 21      XL:     6   Next: 80%
Magic:  8/8        EV:  4    Int: 14      God:
Gold:   230        SH:  9    Dex: 12 (13) Spells: 5/5 levels left

rFire   . . .      SeeInvis .   i - +2 dagger (vamp) {short}
rCold   . . .      Faith    .   b - +0 kite shield
rNeg    . . .      Spirit   .   j - +0 plate armour
rPois   .          Reflect  .   o - +0 helmet
rElec   .          Harm     .   r - +1 cloak
rCorr   .          Rampage  .   l - +0 pair of gloves
Will    .....                   (no boots)
Stlth   ..........              e - amulet of the acrobat
HPRegen 0.19/turn               (no ring)
MPRegen 0.11/turn               (no ring)

@: studying Conjurations
A: high MP 1, forlorn, divine attributes
a: no special abilities


You were on level 4 of the Dungeon.
You visited 1 branch of the dungeon, and saw 4 of its levels.

You collected 230 gold pieces.


Innate Abilities, Weirdness & Mutations

You have an increased reservoir of magic. (+10% MP)
You shall have no god before yourself.
Your divine heritage dramatically boosts your attributes as you level up.


   Skills:
 + Level 6.3 Fighting
 - Level 1.7 Axes
 - Level 2.6 Armour
 + Level 4.6 Shields


You had 5 spell levels left.
You didn't know any spells.
Your spell library contained the following spells:

 Spells                   Type           Power      Damage    Failure   Level
 Animate Skeleton         Necr           0%         N/A       100%        1
 Apportation              Tloc           0%         N/A       100%        1
 Summon Small Mammal      Summ           0%         N/A       100%        1

Inventory:

Hand Weapons
 i - a +2 vampiric dagger (weapon) {short}
   (You took it off a goblin on level 1 of the Dungeon)
Missiles
 g - 76 stones (quivered) {throwing}
 m - 7 poisoned darts {throwing}
Armour
 b - a +0 kite shield (worn)
   (You found it on level 3 of the Dungeon)
 c - a +0 buckler
 j - a +0 plate armour (worn)
   (You found it on level 1 of the Dungeon)
 l - a +0 pair of gloves (worn)
   (You found it on level 2 of the Dungeon)
 o - a +0 helmet (worn)
   (You took it off Robin on level 3 of the Dungeon)
 r - a +1 cloak (worn)
   (You took it off Crazy Yiuf on level 3 of the Dungeon)
Jewellery
 e - an amulet of the acrobat (around neck)
   (You found it on level 3 of the Dungeon)
Wands
 n - a wand of digging (3)
   (You took it off Robin on level 3 of the Dungeon)
Potions
 h - a potion of degeneration {!q@e2}

Dungeon Overview and Level Annotations

Branches:
Dungeon (4/15)
 Temple: D:4-7

Shops:
D:2 :

Annotations:
D:4 Eustachio

#(# #. ##'## #. #
##..(## #. ###.###
##...(.## #. .......
##....(..## ##.
##....###.....(...####..
#......r5.@5..(...'.....
##....#5#.....(...####..
#.....#@##.......## ##.
#.#..##5###.....## #. #
#.. @b# ##...## ##
...#### ##'## # .##
##.## #. #.).# ###...###
#.......#######
#..............


You could see Eustachio, an iron imp (summoned), a white imp (summoned), an
ufetubus (summoned), a bat (summoned) and a rat (summoned).


Message History

You hit Eustachio but do no damage. You block Eustachio's attack.
You barely miss Eustachio.
Eustachio gestures wildly while chanting.
You hit Eustachio but do no damage.
The bat disappears in a puff of smoke!
You block the bat's attack. The bat barely misses you.
Eustachio hits you with a +0 falchion!
* * * LOW HITPOINT WARNING * * *
Eustachio growls, "To hell with you, honourless miscreant!"
You block Eustachio's attack. 😱 HP[-7]
You take 7 damage, and now have 10/58 hp.
You feel better.
You block the bat's attack. x2; You block Eustachio's attack. 😨 HP[+6]
You regained 6 hp, and now have 16/58 hp.
Okay, then.
You aren't carrying any scrolls.
Unknown command.
You hit Eustachio but do no damage. The bat hits you but does no damage.
Eustachio barely misses you.
You closely miss Eustachio. You block the bat's attack.
Eustachio gestures wildly while chanting.
You hit Eustachio but do no damage.
The ufetubus hits you but does no damage. x2
Eustachio hits you with a +0 falchion.
* * * LOW HITPOINT WARNING * * *
😱 HP[-6]
You take 6 damage, and now have 10/58 hp.
Okay, then.
Okay, then.
You aren't carrying any scrolls.
Unknown command.
Okay, then.
Sorry, you're not good enough to have a special ability.
Okay, then.
You barely miss Eustachio. You block the ufetubus's attack. x2
Eustachio hits you but does no damage.
The ufetubus hits you but does no damage.
You block the ufetubus's attack.
The crimson imp blinks!
The rat twitches its whiskers.
Unknown command.
You miss Eustachio.
The ufetubus hits you but does no damage. x2
Eustachio hits you but does no damage. You block the ufetubus's attack.
The ufetubus hits you but does no damage. 😱 HP[+1]
You barely miss Eustachio. You block the ufetubus's attack.
The ufetubus barely misses you. Eustachio hits you but does no damage.
You block the ufetubus's attack.
The ufetubus hits you but does no damage.
You hit Eustachio but do no damage. Eustachio barely misses you.
You block the ufetubus's attack.
The ufetubus hits you but does no damage.
Eustachio hits you but does no damage.
Unknown command.
You hit Eustachio but do no damage.
The ufetubus hits you but does no damage. x2
Eustachio gestures wildly while chanting.
You hit Eustachio but do no damage.
The crimson imp disappears in a puff of smoke!
The bat hits you but does no damage. x2; Eustachio hits you but does no damage. 😱 HP[+1]
You hit Eustachio but do no damage. The bat hits you but does no damage.
The bat barely misses you. Eustachio hits you with a +0 falchion!
* * * LOW HITPOINT WARNING * * *
😱 HP[-7]
You take 7 damage, and now have 5/58 hp.
Unknown command.
You barely miss Eustachio. The bat hits you but does no damage.
You block Eustachio's attack.
You hit Eustachio but do no damage.
The ufetubus hits you but does no damage. x2
Eustachio gestures wildly while chanting.
Eustachio blinks!
The ufetubus hits you.
* * * LOW HITPOINT WARNING * * *
The ufetubus hits you but does no damage. 😱 HP[-1]
You take 1 damage, and now have 4/58 hp.
Unknown command.
You aren't carrying any scrolls.
Unknown command.
You hit the ufetubus. The ufetubus barely misses you.
The ufetubus hits you but does no damage.
You block the iron imp's attack. You block the ufetubus's attack. x2
You barely miss the ufetubus.
The ufetubus hits you but does no damage. x2
The iron imp hits you but does no damage.
The ufetubus hits you.
* * * LOW HITPOINT WARNING * * *
The ufetubus hits you but does no damage. 😱 HP[-3]
You take 3 damage, and now have 1/58 hp.
Unknown command.
You hit the ufetubus.
The ufetubus hits you but does no damage.
The ufetubus barely misses you. You block the iron imp's attack.
Unknown command.
You barely miss the ufetubus.
The ufetubus hits you but does no damage. x2
The iron imp hits you.
You die...

Skill      XL: |  1  2  3  4  5  6 |
---------------+-------------------+-----
Fighting       | 3 4 5 6 |  6.3
Shields        | 3 4 |  4.6
Axes           | |  1.7
Armour         | |  2.6

Action                   |  1- 3 |  4- 6 || total
-------------------------+-------+-------++-------
Melee: War axe           |    16 |       ||    16
       Dagger            |   195 |   436 ||   631
Throw: Stone             |    86 |    51 ||   137
Evoke: Wand              |       |     3 ||     3
  Use: Scroll            |     6 |     5 ||    11
       Potion            |       |     8 ||     8
 Stab: Invisible         |       |     2 ||     2
Armor: Plate armour      |   133 |   367 ||   500
       Scale mail        |     8 |       ||     8
       Skin              |       |    32 ||    32
Dodge: Dodged            |    49 |   118 ||   167
Block: Buckler           |    40 |    24 ||    64
       Kite shield       |       |   229 ||   229

Levels and vault maps discovered:
D:1:      erik_arrival_cave_to_civilisation [erik_arrival_cave_to_hall],
          layout_basic
D:2:      layout_rooms, serial_shops, nicolae_shop_advertising_works
          [nicolae_subvault_shop_adworks], palyth_stone_intersect,
          nrook_campfire, minmay_pentomino_p4
D:3:      minmay_wonky_spiral, layout_rooms, mainiacjoe_overflow_catwalk,
          portal_sewer_entry_e, dreamdust_ecumenical_altar_drowned_temple,
          uniq_robin, uniq_crazy_yiuf_cottage, uniq_ijyb
D:4:      layout_loops_corners, kennysheep_orc_sif_temple, minmay_cut_off,
          uniq_duvessa, uniq_eustachio

Notes
Turn   | Place    | Note
-------+----------+-------------------------------------------
     0 | D:1      | spaghetti the Demigod Fighter began the quest for the Orb.
     0 | D:1      | Reached XP level 1. HP: 18/18 MP: 3/3
     0 | D:1      | magus.rc [v1.9.6]
    94 | D:1      | Reached skill level 3 in Fighting
   268 | D:1      | Reached XP level 2. HP: 22/26 MP: 4/4
   973 | D:2      | Found Opruegg's Book Shoppe.
  1137 | D:2      | Reached XP level 3. HP: 31/33 MP: 5/5
  1172 | D:2      | Reached skill level 4 in Fighting
  1980 | D:3      | You pick up a book of Cantrips and begin reading...
  1980 | D:3      | You add the spells Animate Skeleton, Summon Small Mammal
                  | and Apportation to your library.
  2110 | D:3      | Found a glowing drain.
  2165 | D:3      | Reached XP level 4. HP: 41/41 MP: 6/6
  2165 | D:3      | Noticed Robin
  2187 | D:2      | HP: 8/41 [goblin/+0 dagger[Robin] (3)]
  2332 | D:3      | Killed Robin
  2411 | D:3      | Reached skill level 5 in Fighting
  2782 | D:3      | Noticed Ijyb
  2802 | D:3      | HP: 10/42 [frozen (4)]
  2811 | D:3      | HP: 10/42 [Ijyb/+0 club (4)]
  2813 | D:3      | Killed Ijyb
  2814 | D:3      | Reached skill level 3 in Shields
  3087 | D:3      | Reached XP level 5. HP: 48/48 MP: 7/7
  3307 | D:3      | Found a runed translucent door.
  3308 | D:3      | Noticed Crazy Yiuf
  3327 | D:3      | Killed Crazy Yiuf
  3674 | D:4      | Noticed a black bear
  3699 | D:4      | Killed a black bear
  3861 | D:4      | Reached XP level 6. HP: 57/57 MP: 8/8
  3908 | D:4      | Reached skill level 4 in Shields
  4193 | D:4      | Noticed Duvessa
  4193 | D:4      | Noticed Dowan
  4246 | D:4      | Killed Duvessa
  4247 | D:4      | Reached skill level 6 in Fighting
  4247 | D:4      | Killed Dowan
  4409 | D:4      | Noticed Eustachio
  4513 | D:4      | HP: 10/58 [Eustachio/+0 falchion (7)]
  4524 | D:4      | HP: 5/58 [Eustachio/+0 falchion (7)]
  4528 | D:4      | HP: 1/58 [ufetubus[Eustachio] (4)]
  4530 | D:4      | Slain by an iron imp

Vanquished Creatures
  Duvessa (D:4)
  A black bear (D:4)
  Dowan (D:4)
  Crazy Yiuf (D:3)
  A hound (D:4)
  Ijyb (D:3)
  An orc wizard (D:4)
  Robin (D:3)
  7 adders
  3 worms
  4 dart slugs
  5 orcs (D:4)
  2 bats
  7 endoplasms
  6 giant cockroaches
  12 hobgoblins
  5 jackals
  5 kobolds
  5 quokkas
  9 ball pythons
  8 frilled lizards
  15 goblins
  7 rats
  A spectral goblin (D:3)
109 creatures vanquished.

Vanquished Creatures (others)
  A hobgoblin (D:4)
  A kobold (D:3)
2 creatures vanquished.

Grand Total: 111 creatures vanquished

Table legend:
 A = Non-vault XP
 B = Vault XP
 C = Vault XP percentage of total XP
 D = Non-vault monster count
 E = Vault monster count
 F = Vault count percentage of total count
                 A         B        C        D         E       F
            +---------+---------+-------+---------+---------+-------
      Total |     421 |     371 |  46.8 |      75 |      34 |  31.2
            +---------+---------+-------+---------+---------+-------
        D:1 |      35 |       3 |   7.9 |      20 |       2 |   9.1
        D:2 |      59 |      13 |  18.1 |      24 |       7 |  22.6
        D:3 |      42 |     123 |  74.5 |      10 |      21 |  67.7
        D:4 |     285 |     232 |  44.9 |      21 |       4 |  16.0
            +---------+---------+-------+---------+---------+-------

Illustrated notes

Table legend:
 A = Kills in this place as a percentage of kills in entire the game.
 B = Kills by you in this place as a percentage of kills by you in the entire game.
 C = Kills by friends in this place as a percentage of kills by friends in the entire game.
 D = Other kills in this place as a percentage of other kills in the entire game.
 E = Experience gained in this place as a percentage of experience gained in the entire game.
 F = Experience gained in this place divided by the number of levels of this place that you have seen.
                   A       B       C       D       E      F
               +-------+-------+-------+-------+-------+----------------------
         Total | 100.0 | 100.0 |   N/A |   N/A | 100.0 | 198.0
       Dungeon | 100.0 | 100.0 |   N/A |   N/A | 100.0 | 198.0
               +-------+-------+-------+-------+-------+----------------------

Table legend: (Time is in decaauts)
 A = Elapsed time spent in this place.
 B = Non-inter-level travel time spent in this place.
 C = Inter-level travel time spent in this place.
 D = Time resting spent in this place.
 E = Time spent auto-exploring this place.
 F = Levels seen in this place.
 G = Mean time per level.
                   A        B        C        D        E       F      G
               +--------+--------+--------+--------+--------+-----+--------+
         Total |   4655 |   4511 |    144 |    643 |   2658 |   4 | 1163.8 |
       Dungeon |   4655 |   4511 |    144 |    643 |   2658 |   4 | 1163.8 |
               +--------+--------+--------+--------+--------+-----+--------+

Top non-repeatable levels by time:
     D:3: 1480 daAuts
     D:2: 1113 daAuts
     D:4: 1078 daAuts
     D:1: 982 daAuts
